 Dungeon Crawl Stone Soup version 0.29.0-4-gdea44cf6ec (webtiles) character file.

Game seed: 4783004633951938298

2298 qw the Cleaver (level 9, 0/79 HPs)
             Began as a Minotaur Fighter on Sept 6, 2022.
             Slain by a deep elf pyromancer
             ... wielding a +0 dagger
              (2 damage)
             ... on level 7 of the Dungeon.
             The game lasted 00:03:19 (7903 turns).

qw the Cleaver (Minotaur Fighter)                   Turns: 7903, Time: 00:03:20

Health: 0/79       AC: 17    Str: 25    XL:     9   Next: 17%
Magic:  8/8        EV: 11    Int:  5    God:
Gold:   391        SH:  5    Dex: 16    Spells: 8/8 levels left

rFire   . . .      SeeInvis .   Y - +0 war axe (protect)
rCold   . . .      Faith    .   c - +0 buckler
rNeg    . . .      Spirit   .   b - +0 scale mail
rPois   .          Reflect  .   (helmet restricted)
rElec   .          Harm     .   a - +0 cloak
rCorr   .          Rampage  .   r - +0 pair of gloves
Will    .....                   p - +0 pair of boots
Stlth   ..........              q - amulet of the acrobat
HPRegen 0.23/turn               j - +6 ring of dexterity
MPRegen 0.11/turn               (no ring)

@: about to teleport, under a protective aura
A: horns 2, retaliatory headbutt
a: no special abilities


You were on level 7 of the Dungeon.
You visited 2 branches of the dungeon, and saw 8 of its levels.
You also visited: Ossuary.

You collected 391 gold pieces.


Innate Abilities, Weirdness & Mutations

You have a pair of horns on your head.
You reflexively headbutt those who attack you in melee.


   Skills:
 - Level 7.0 Fighting
 + Level 12.1 Axes
 - Level 4.6 Armour
 - Level 4.1 Dodging
 - Level 4.0 Shields


You had 8 spell levels left.
You didn't know any spells.
Your spell library was empty.

Inventory:

Hand Weapons
 e - a +1 flail of protection
 Y - a +0 war axe of protection (weapon)
Armour
 a - a +0 cloak (worn)
 b - a +0 scale mail (worn)
 c - a +0 buckler (worn)
 p - a +0 pair of boots (worn)
 r - a +0 pair of gloves (worn)
Jewellery
 j - a +6 ring of dexterity (left hand)
 q - an amulet of the acrobat (around neck)
Scrolls
 f - a scroll of magic mapping {unknown}
 g - a scroll of teleportation
 h - a scroll of identify
Potions
 d - 2 potions of might
 k - a potion of attraction {unknown}
 l - a potion of degeneration {unknown}
 m - a potion of magic {unknown}
 n - a potion of mutation {unknown}
 o - 3 potions of curing

Dungeon Overview and Level Annotations

Branches:
Dungeon (7/15)             Temple (1/1) D:5         Ossuary (visited)

Altars:
Ashenzari
Cheibriados
Dithmenos
Elyvilon
Fedhas
Gozag
Kikubaaqudgha
Makhleb
Nemelex Xobeh
Sif Muna
Trog
Vehumet
Wu Jian
Xom
Zin
The Shining One

Annotations:
D:5 3 runed translucent doors, qw's ghost, novice MiBe


Message History

The electric eel shoots out a bolt of lightning at you!
The bolt of electricity misses you. The bolt of electricity hits you!
The bolt of electricity hits the electric eel.
The electric eel completely resists.
The water moccasin barely misses you. You furiously retaliate!
You headbutt the water moccasin!
You hit the water moccasin but do no damage.
Your weapon exudes an aura of protection.
You headbutt the water moccasin.
The water moccasin is severely wounded.
You barely miss the electric eel. You miss the deep elf pyromancer.
You block the water moccasin's attack.
The electric eel shoots out a bolt of lightning at you!
The bolt of electricity hits you. The bolt of electricity misses you.
The bolt of electricity hits the electric eel.
The electric eel completely resists.
The electric eel shoots out a bolt of lightning at you!
The bolt of electricity hits you but does no damage.
The deep elf pyromancer misses you. You furiously retaliate!
You headbutt the deep elf pyromancer. You miss the water moccasin.
Your headbutt misses the water moccasin.
The water moccasin is severely wounded.
You miss the electric eel.
You barely miss the deep elf pyromancer.
The water moccasin bites you but does no damage.
The electric eel shoots out a bolt of lightning at you!
The bolt of electricity hits you! The bolt of electricity hits you.
The bolt of electricity hits the electric eel.
The electric eel completely resists.
The deep elf pyromancer hits you but does no damage.
The water moccasin bites you but does no damage.
7903 ||| READING 2 scrolls of teleportation.
As you read the scroll of teleportation, it crumbles to dust.
You feel strangely unstable.
The electric eel shoots out a bolt of lightning at you!
The bolt of electricity hits you! The bolt of electricity hits you.
The bolt of electricity hits the electric eel.
The electric eel completely resists.
The deep elf pyromancer hits you with a +0 dagger.
You die...

.....# ..##
######7.7 ## ...###
#7~~~~~7.7~~~
)....#
#~~~~~~7.7~~~
.....#
#~~~~~.....~~
#....#
#~~~~...~...~
#....#
#~~S...~~~... .
...#
#~~..SS~~~~...~ .
...#
P.#77..@e###P...77#
#. ..#
P.......#}.[#.....
# ..#
P.#77...P###P...77#
#~~...~~~~~...~~#
#~~~...~~~...~~~#
#.#
#~~~~...~...~~~~#
###..#
#~~~~~.....~~~~~#
#....#
#~~~~~~7.7~~~~~~#
...#.#
#7~~~~~7.7~~~~~7#


You could see a deep elf pyromancer, a water moccasin and 2 electric eels.

Vanquished Creatures
  Grinder (D:4)
  Edmund (D:5)
  A water moccasin (D:7)
  2 sky beasts
  An ogre (D:5)
  A centaur (D:7)
  A phantom (D:4)
  An elf zombie (Ossuary)
  A kobold brigand (D:7)
  A gnoll sergeant (D:7)
  5 scorpions
  A wight (D:7)
  A howler monkey (D:3)
  4 jellies
  3 human zombies (Ossuary)
  A gnoll bouda (D:6)
  3 orc priests (D:4)
  2 hounds
  3 iguanas
  2 orc wizards
  2 mummies (Ossuary)
  Robin (D:2)
  5 gnolls
  13 adders
  A white imp (D:7)
  An ufetubus (D:5)
  2 adder zombies (Ossuary)
  A dart slug (D:1)
  15 orcs
  8 endoplasms
  2 giant cockroaches (D:1)
  23 goblins
  13 hobgoblins
  6 jackals
  5 quokkas
  9 ball pythons
  7 bats
  A frilled lizard (D:3)
  2 goblin zombies (Ossuary)
  6 hobgoblin zombies (Ossuary)
  A jackal zombie (Ossuary)
  11 kobolds
  5 kobold zombies (Ossuary)
  15 orc zombies (Ossuary)
  7 rats
  2 rat zombies (Ossuary)
200 creatures vanquished.

Vanquished Creatures (others)
  6 demonic plants (D:1)
  2 fungi (D:1)
  9 plants
  4 withered plants (D:1)
21 creatures vanquished.

Grand Total: 221 creatures vanquished

Notes
Turn   | Place    | Note
-------+----------+-------------------------------------------
     0 | D:1      | qw the Minotaur Fighter began the quest for the Orb.
     0 | D:1      | Reached XP level 1. HP: 19/19 MP: 0/0
     0 | D:1      | 0 ||| qw: Version: 0.1-a-107-g9ff403c
     0 | D:1      | 0 ||| qw: Game counter: 6167
     0 | D:1      | 0 ||| qw: Always use a shield: true
     0 | D:1      | 0 ||| qw: God list: Ru
     0 | D:1      | 0 ||| qw: Allow faded altars: false
     0 | D:1      | 0 ||| qw: Do Orc after D:15 true
     0 | D:1      | 0 ||| qw: Do second Lair branch before Depths: true
     0 | D:1      | 0 ||| qw: Lair rune preference: random
     0 | D:1      | 0 ||| qw: Plans: Normal
     0 | D:1      | 0 ||| PLANNING D:1-11
    16 | D:1      | 16 ||| Stepping ~*~*~tactically~*~*~ (stealth).
    63 | D:1      | Reached skill level 3 in Axes
   116 | D:1      | Reached XP level 2. HP: 26/26 MP: 1/1
   187 | D:1      | Found a faded altar of an unknown god.
   189 | D:1      | 189 ||| Stepping ~*~*~tactically~*~*~ (stealth).
   195 | D:1      | 195 ||| Stepping ~*~*~tactically~*~*~ (stealth).
   222 | D:1      | Reached skill level 4 in Axes
   223 | D:1      | 223 ||| Stepping ~*~*~tactically~*~*~ (stealth).
   226 | D:1      | 226 ||| Stepping ~*~*~tactically~*~*~ (stealth).
   257 | D:1      | 257 ||| Stepping ~*~*~tactically~*~*~ (stealth).
   267 | D:1      | 267 ||| Stepping ~*~*~tactically~*~*~ (hiding).
   268 | D:1      | 268 ||| Stepping ~*~*~tactically~*~*~ (hiding).
   390 | D:1      | Reached XP level 3. HP: 31/31 MP: 2/2
  1132 | D:1      | 1132 ||| READING scroll labelled BOSIME HARIF.
  1137 | D:1      | 1137 ||| READING 2 scrolls labelled PYIBIZXAEXT.
  1138 | D:1      | 1138 ||| READING scroll labelled SEHAKINK YDWUCW.
  1139 | D:1      | 1139 ||| READING scroll labelled GIKKESM TOHOE.
  1140 | D:1      | 1140 ||| DROPPING scroll of immolation.
  1237 | D:2      | 1237 ||| Stepping ~*~*~tactically~*~*~ (stealth).
  1238 | D:2      | 1238 ||| Stepping ~*~*~tactically~*~*~ (stealth).
  1239 | D:2      | 1239 ||| Stepping ~*~*~tactically~*~*~ (stealth).
  1240 | D:2      | 1240 ||| Stepping ~*~*~tactically~*~*~ (stealth).
  1250 | D:2      | Reached skill level 5 in Axes
  1251 | D:2      | 1251 ||| Stepping ~*~*~tactically~*~*~ (stealth).
  1263 | D:2      | 1263 ||| FLEEEEING.
  1264 | D:2      | 1264 ||| FLEEEEING.
  1265 | D:2      | 1265 ||| FLEEEEING.
  1266 | D:2      | 1266 ||| FLEEEEING.
  1267 | D:2      | 1267 ||| FLEEEEING.
  1269 | D:2      | 1269 ||| STAIRDANCE
  1392 | D:2      | 1392 ||| Stepping ~*~*~tactically~*~*~ (stealth).
  1393 | D:2      | 1393 ||| Stepping ~*~*~tactically~*~*~ (stealth).
  1407 | D:2      | 1407 ||| Stepping ~*~*~tactically~*~*~ (stealth).
  1415 | D:2      | Reached skill level 1 in Dodging
  1499 | D:2      | Reached XP level 4. HP: 39/39 MP: 3/3
  1631 | D:2      | 1631 ||| Stepping ~*~*~tactically~*~*~ (stealth).
  1633 | D:2      | 1633 ||| Stepping ~*~*~tactically~*~*~ (stealth).
  1635 | D:2      | 1635 ||| Stepping ~*~*~tactically~*~*~ (stealth).
  1640 | D:2      | Noticed Robin
  1641 | D:2      | 1641 ||| Stepping ~*~*~tactically~*~*~ (stealth).
  1651 | D:2      | 1651 ||| Stepping ~*~*~tactically~*~*~ (stealth).
  1665 | D:2      | Killed Robin
  1700 | D:2      | 1700 ||| DROPPING +0 club.
  1780 | D:2      | Found a white marble altar of Elyvilon.
  1781 | D:2      | 1781 ||| Stepping ~*~*~tactically~*~*~ (stealth).
  1787 | D:2      | 1787 ||| Stepping ~*~*~tactically~*~*~ (stealth).
  1790 | D:2      | 1790 ||| Stepping ~*~*~tactically~*~*~ (stealth).
  1791 | D:2      | 1791 ||| Stepping ~*~*~tactically~*~*~ (stealth).
  1793 | D:2      | 1793 ||| Stepping ~*~*~tactically~*~*~ (stealth).
  1794 | D:2      | 1794 ||| Stepping ~*~*~tactically~*~*~ (stealth).
  2139 | D:2      | 2139 ||| UPGRADING to +0 cloak.
  2144 | D:2      | 2144 ||| DROPPING ring of flight.
  2145 | D:2      | 2145 ||| READING scroll labelled LUROUG UCRIBRY.
  2246 | D:2      | 2246 ||| READING scroll labelled GEOQYZE EFRIS.
  2247 | D:2      | 2247 ||| DRINKING 2 fizzy orange potions.
  2348 | D:2      | 2348 ||| DROPPING potion of ambrosia.
  2390 | D:3      | Reached skill level 6 in Axes
  2457 | D:3      | Reached XP level 5. HP: 42/45 MP: 4/4
  3193 | D:3      | 3193 ||| DROPPING +6 ring of intelligence.
  3194 | D:3      | 3194 ||| READING scroll labelled DISIKH VUMAGE.
  3195 | D:3      | 3195 ||| READING scroll labelled WYARGH AFUMOU.
  3196 | D:3      | 3196 ||| READING scroll labelled ONOKHL JIOTETE.
  3249 | D:4      | 3249 ||| PLANNING OSSUARY
  3249 | D:4      | 3249 ||| STAIRDANCE
  3324 | D:4      | 3324 ||| Stepping ~*~*~tactically~*~*~ (hiding).
  3331 | D:4      | Reached skill level 7 in Axes
  3369 | D:4      | 3369 ||| Stepping ~*~*~tactically~*~*~ (stealth).
  3444 | D:4      | Reached XP level 6. HP: 48/51 MP: 5/5
  3693 | D:4      | Found a sand-covered staircase.
  3702 | Ossuary  | Entered an ossuary
  3795 | Ossuary  | Reached skill level 8 in Axes
  4005 | Ossuary  | Reached XP level 7. HP: 54/59 MP: 6/6
  4007 | Ossuary  | Reached skill level 9 in Axes
  4085 | Ossuary  | 4085 ||| READING 2 scrolls labelled USHIUMMU OBEXU.
  4086 | Ossuary  | 4086 ||| READING scroll of brand weapon.
  4086 | Ossuary  | 4086 ||| BRANDING +0 war axe of chaos.
  4087 | Ossuary  | 4087 ||| DRINKING 4 fuming black potions.
  4114 | Ossuary  | 4114 ||| DRINKING 2 white potions.
  4115 | Ossuary  | 4115 ||| DROPPING 3 potions of lignification.
  4130 | D:4      | 4130 ||| PLANNING D:1-11
  4295 | D:4      | Noticed Grinder
  4296 | D:4      | 4296 ||| Stepping ~*~*~tactically~*~*~ (hiding).
  4300 | D:4      | Paralysed by Grinder for 2 turns
  4308 | D:4      | 4308 ||| Stepping ~*~*~tactically~*~*~ (hiding).
  4309 | D:4      | 4309 ||| Stepping ~*~*~tactically~*~*~ (hiding).
  4312 | D:4      | Paralysed by Grinder for 5 turns
  4317 | D:4      | 4317 ||| Stepping ~*~*~tactically~*~*~ (hiding).
  4318 | D:4      | 4318 ||| Stepping ~*~*~tactically~*~*~ (hiding).
  4323 | D:4      | Killed Grinder
  4654 | D:4      | Identified the +7 mace of Currency {freeze, Contam Dex+4}
  4656 | D:4      | 4656 ||| DROPPING +0 mace.
  4657 | D:4      | 4657 ||| DROPPING +0 flail.
  4807 | D:4      | 4807 ||| DRINKING 2 fuming coppery potions.
  4808 | D:4      | 4808 ||| READING 2 scrolls of identify.
  4808 | D:4      | 4808 ||| IDENTIFYING smoky ruby potion
  4809 | D:4      | 4809 ||| DROPPING potion of brilliance.
  4829 | D:5      | Entered Level 5 of the Dungeon
  4877 | D:5      | Noticed Edmund
  4903 | D:5      | Killed Edmund
  4904 | D:5      | Reached skill level 10 in Axes
  4904 | D:5      | Reached XP level 8. HP: 49/70 MP: 7/7
  5006 | D:5      | 5006 ||| DROPPING +7 mace of Currency {freeze, Contam
                  | Dex+4}.
  5048 | D:5      | Reached skill level 6 in Fighting
  5054 | D:5      | Found a staircase to the Ecumenical Temple.
  5055 | D:5      | 5055 ||| PLANNING TEMPLE
  5063 | Temple   | Entered the Ecumenical Temple
  5273 | Temple   | 5273 ||| PLANNING D:1-11
  5300 | D:5      | Found a runed translucent gate.
  5300 | D:5      | Identified the +1 scale mail of the Distant Future {rElec
                  | Int+2 Slay+2}
  5301 | D:5      | Found a runed translucent gate.
  5302 | D:5      | Found a runed translucent gate.
  5304 | D:5      | Noticed qw's ghost (novice MiBe)
  5520 | D:5      | Found a shimmering altar of Xom.
  6037 | D:5      | 6037 ||| UPGRADING to +0 pair of boots.
  6042 | D:5      | 6042 ||| READING scroll labelled CUMAFO LUIS.
  6104 | D:6      | 6104 ||| STAIRDANCE
  6391 | D:6      | Found a radiant altar of Vehumet.
  6462 | D:6      | Reached skill level 11 in Axes
  6522 | D:6      | 6522 ||| Stepping ~*~*~tactically~*~*~ (stealth).
  6628 | D:6      | 6628 ||| Stepping ~*~*~tactically~*~*~ (stealth).
  6630 | D:6      | 6630 ||| Stepping ~*~*~tactically~*~*~ (stealth).
  6642 | D:6      | 6642 ||| FLEEEEING.
  6643 | D:6      | 6643 ||| FLEEEEING.
  6644 | D:6      | 6644 ||| FLEEEEING.
  6645 | D:6      | 6645 ||| FLEEEEING.
  6646 | D:6      | 6646 ||| FLEEEEING.
  6647 | D:6      | 6647 ||| FLEEEEING.
  6648 | D:6      | 6648 ||| FLEEEEING.
  6649 | D:6      | 6649 ||| FLEEEEING.
  6651 | D:6      | 6651 ||| FLEEEEING.
  6661 | D:6      | 6661 ||| STAIRDANCE
  6871 | D:5      | 6871 ||| UPGRADING to +0 pair of gloves.
  6876 | D:5      | 6876 ||| UPGRADING to +6 ring of dexterity.
  6877 | D:5      | 6877 ||| READING scroll labelled ENEOSADYNO.
  6878 | D:5      | 6878 ||| DRINKING 2 smoky silvery potions.
  6879 | D:5      | 6879 ||| DROPPING potion of flight.
  7139 | D:6      | Reached skill level 3 in Dodging
  7328 | D:7      | 7328 ||| Stepping ~*~*~tactically~*~*~ (hiding).
  7391 | D:7      | 7391 ||| UPGRADING to amulet of the acrobat.
  7417 | D:7      | 7417 ||| Stepping ~*~*~tactically~*~*~ (stealth).
  7422 | D:7      | Reached skill level 12 in Axes
  7430 | D:7      | 7430 ||| Stepping ~*~*~tactically~*~*~ (stealth).
  7445 | D:7      | HP: 14/71 [gnoll sergeant/+1 spear of venom (6)]
  7446 | D:7      | 7446 ||| READING 3 scrolls of teleportation.
  7446 | D:7      | HP: 3/71 [gnoll sergeant/+1 spear of venom (4)]
  7447 | D:7      | 7447 ||| DRINKING potion of heal wounds.
  7450 | D:7      | Reached XP level 9. HP: 8/78 MP: 8/8
  7450 | D:7      | 7450 ||| DRINKING 4 potions of curing.
  7450 | D:7      | 7450 ||| (to cure poison)
  7792 | D:7      | 7792 ||| Stepping ~*~*~tactically~*~*~ (stealth).
  7896 | D:7      | Noticed a deep elf pyromancer
  7902 | D:7      | HP: 18/79 [electric eel/bolt of electricity (10)]
  7903 | D:7      | 7903 ||| READING 2 scrolls of teleportation.
  7903 | D:7      | HP: 7/79 [electric eel/bolt of electricity (9)]
  7903 | D:7      | HP: 2/79 [electric eel/bolt of electricity (5)]
  7903 | D:7      | Slain by a deep elf pyromancer

Levels and vault maps discovered:
D:1:      minmay_arrival_three_doors, layout_basic, shapermc_ecumenical_altar_gd
D:2:      layout_loops_cross, basic_altar, serial_bayou_pond_a,
          kennysheep_crisscross, minmay_close_crescents, uniq_robin
D:3:      layout_loops_corners
D:4:      layout_gridville, enter_ossuary_3, uniq_grinder
D:5:      layout_gridville, mainiacjoe_overflow_cross_hatched,
          minmay_temple_entry_statues_fountains, biasface_ghost_orc_armoury,
          uniq_edmund
D:6:      layout_layer_cave, vehumet_altar_wand_db, nicolae_sextant
D:7:      nzn_winding_woodlands_large [nzn_winding_woodlands_5x5_default,
          nzn_winding_woodlands_5x15_eye,
          nzn_winding_woodlands_5x5_checkerboard,
          nzn_winding_woodlands_center_lodge,
          nzn_winding_woodlands_15x15_eel_pit,
          nzn_winding_woodlands_center_garden,
          nzn_winding_woodlands_5x5_closed_star,
          nzn_winding_woodlands_5x15_sidewinder,
          nzn_winding_woodlands_5x5_open_star], layout_cave_pools, serial_glass,
          glass_columns_a, glass_columns_b, gammafunk_ghost_nasty_kobolds
Temple:   eino_temple_water

Skill      XL: |  1  2  3  4  5  6  7  8  9 |
---------------+----------------------------+-----
Axes           | 3 4 5 6 7 8 10 12 | 12.1
Dodging        | 1 3 4 |  4.1
Fighting       | 4 5 6 7 |  7.0
Shields        | 4 |  4.0
Armour         | 4 |  4.6

Action                   |  1- 3 |  4- 6 |  7- 9 || total
-------------------------+-------+-------+-------++-------
Melee: War axe           |    92 |   170 |   203 ||   465
       Headbutt          |     8 |    25 |    37 ||    70
Throw: Boomerang         |       |    36 |    14 ||    50
  Use: Scroll            |     4 |     5 |     7 ||    16
       Potion            |       |     1 |     6 ||     7
Armor: Scale mail        |    32 |    70 |    93 ||   195
Dodge: Dodged            |    35 |    51 |    75 ||   161
Block: Buckler           |    16 |    30 |    35 ||    81

Table legend:
 A = Non-vault XP
 B = Vault XP
 C = Vault XP percentage of total XP
 D = Non-vault monster count
 E = Vault monster count
 F = Vault count percentage of total count
                 A         B        C        D         E       F
            +---------+---------+-------+---------+---------+-------
      Total |    2084 |    1199 |  36.5 |     139 |      61 |  30.5
            +---------+---------+-------+---------+---------+-------
        D:1 |      59 |       0 |   0.0 |      33 |       0 |   0.0
        D:2 |      50 |      53 |  51.5 |      17 |      15 |  46.9
        D:3 |      96 |       0 |   0.0 |      19 |       0 |   0.0
        D:4 |     435 |     272 |  38.5 |      29 |       1 |   3.3
        D:5 |     365 |     166 |  31.3 |       8 |       1 |  11.1
        D:6 |     497 |       2 |   0.4 |      22 |       1 |   4.3
        D:7 |     582 |     410 |  41.3 |      11 |       4 |  26.7
    Ossuary |       0 |     296 | 100.0 |       0 |      39 | 100.0
            +---------+---------+-------+---------+---------+-------
